Map: [ESL] Solaris

Players

YoungYakov

  • Race: Zerg Zerg
  • Spawn Location: 7:00

Wayne - Winner!

  • Race: Zerg Zerg
  • Spawn Location: 1:00

Event: ESL SC2 Masters 2023 Winter (Regional)

VOD

Have the link to the VOD?

Description

Time

  • Played on: Oct. 27, 2023, 10:10 a.m.
  • Length: 9:06

All games in this series

Show
View Real Time Build Order
Export as new Build Order

YoungYakov Zerg 

Build Orders: Hatch First 

Get SALT Encoding   

  12  0:00  Drone  
  13  0:12  Overlord  
  13  0:16  Drone  
  14  0:30  Drone x2  
  16  0:48  Hatchery  
  15  0:51  Drone  
  15  0:54  Drone  
  17  0:57  Drone  
  18  1:08  Extractor  
  17  1:13  Spawning Pool  
  17  1:16  Drone  
  17  1:19  Drone  
  18  1:28  Drone  
  19  1:38  Drone  
  20  1:49  Drone  
  21  1:59  Overlord  
  21  2:00  Queen x2  
  25  2:01  Zergling x2  
  26  2:11  Drone x2  
  26  2:12  Metabolic Boost  
  28  2:21  Drone  
  28  2:22  Drone  
  30  2:34  Hatchery  
  29  2:38  Zergling x2  
  29  2:39  Drone  
  29  2:42  Drone  
  29  2:43  Drone  
  33  2:52  Baneling Nest  
  33  2:55  Overlord  
  33  2:57  Drone  
  32  3:04  Zergling x4  
  34  3:10  Zergling x2  
  34  3:12  Overlord  
  35  3:15  Zergling x2  
  35  3:16  Drone x3  
  35  3:18  Drone  
  40  3:22  Queen  
  43  3:27  Drone  
  43  3:36  Drone x2, Evolution Chamber  
  43  3:38  Baneling  
  44  3:41  Drone  
  44  3:44  Drone x3  
  47  3:53  Drone x2  
  49  3:57  Drone x2  
  49  4:02  Zerg Missile Weapons Level 1  
  51  4:04  Drone, Roach Warren  
  51  4:06  Overlord  
  51  4:11  Drone  
  51  4:12  Drone x3  
  51  4:14  Drone  
  56  4:18  Overlord  
  56  4:22  Extractor  
  55  4:36  Drone x5  
  59  4:40  Overlord  
  59  4:45  Drone x3  
  62  4:47  Drone x2  
  62  4:48  Roach  
  62  4:49  Roach x3  
  72  4:54  Spine Crawler  
  72  4:55  Drone x2, Spine Crawler  
  72  4:59  Lair  
  72  5:02  Roach x2  
  72  5:04  Overlord  
  74  5:12  Roach x2  
  74  5:13  Drone x3  
  80  5:15  Extractor x2  
  80  5:22  Drone  
  80  5:23  Drone x3  
  80  5:24  Drone x4  
  80  5:27  Overlord x2  
  88  5:28  Extractor  
  88  5:31  Drone x3, Overlord  
  90  5:43  Hatchery  
  90  5:44  Overlord x3  
  88  5:51  Roach x4  
  88  5:52  Roach x3  
  88  5:55  Pneumatized Carapace  
  102  6:02  Overseer  
  102  6:07  Glial Reconstitution  
  102  6:17  Drone x2  
  102  6:19  Roach  
  102  6:20  Roach x6  
  102  6:21  Overlord x2  
  102  6:25  Overlord  
  116  6:27  Extractor  
  116  6:29  Roach x2  
  116  6:30  Roach x3  
  116  6:32  Drone  
  126  6:37  Roach x2  
  130  6:44  Zerg Missile Weapons Level 2  
  130  6:49  Roach x3  
  130  6:50  Overlord  
  138  6:54  Roach x3  
  134  7:02  Roach x5  
  134  7:04  Queen  
  146  7:08  Hydralisk Den  
  146  7:14  Queen x3  
  151  7:17  Spore Crawler  
  150  7:25  Overseer  
  150  7:30  Spore Crawler, Overlord  
  150  7:31  Roach x4  
  150  7:35  Roach  
  150  7:36  Overlord x2  
  159  7:39  Muscular Augments  
  159  7:45  Spore Crawler  
  159  7:46  Spore Crawler  
  159  7:50  Roach x5  
  159  7:56  Drone x4  
  159  8:02  Drone x3  
  157  8:13  Roach  
  157  8:14  Roach x3  
  157  8:16  Ravager x2  
  157  8:17  Ravager  
  168  8:22  Roach x3  
  168  8:30  Roach x4  
  146  8:36  Roach x3  
  134  8:41  Roach  
  134  8:42  Roach  
  134  8:45  Roach x2  
Show
View Real Time Build Order
Export as new Build Order

Wayne Zerg - Winner!

Build Orders: Hatch First 

Get SALT Encoding   

  12  0:00  Drone  
  13  0:12  Overlord  
  13  0:16  Drone  
  14  0:30  Drone  
  14  0:31  Drone  
  16  0:47  Hatchery  
  15  0:51  Drone  
  15  0:54  Drone  
  17  0:57  Drone  
  18  1:10  Extractor  
  17  1:12  Spawning Pool  
  17  1:15  Drone  
  17  1:19  Drone  
  18  1:28  Drone  
  19  1:39  Drone  
  20  1:50  Drone  
  21  1:59  Queen x2  
  21  2:00  Zergling x2, Overlord  
  26  2:10  Drone  
  26  2:11  Drone, Metabolic Boost  
  28  2:21  Zergling x2  
  28  2:22  Drone  
  30  2:33  Hatchery  
  30  2:34  Drone  
  30  2:37  Zergling x2  
  30  2:43  Baneling Nest  
  30  2:44  Drone  
  30  2:47  Drone  
  32  2:55  Overlord  
  32  2:57  Drone  
  33  3:04  Drone x2  
  35  3:07  Drone  
  36  3:14  Drone x2  
  36  3:15  Zergling x4  
  36  3:16  Overlord  
  40  3:21  Queen  
  40  3:24  Drone  
  40  3:25  Drone  
  44  3:27  Baneling  
  44  3:37  Drone x2  
  44  3:38  Drone, Roach Warren  
  45  3:41  Drone  
  45  3:46  Drone x2  
  45  3:48  Drone x2  
  50  3:51  Extractor  
  50  3:54  Drone x3  
  52  4:01  Evolution Chamber  
  52  4:02  Overlord  
  51  4:03  Drone  
  52  4:10  Drone x2  
  52  4:12  Overlord  
  54  4:17  Overlord  
  54  4:22  Roach x4  
  62  4:26  Lair  
  62  4:30  Extractor  
  62  4:31  Drone x2  
  62  4:34  Zerg Missile Weapons Level 1  
  62  4:35  Drone  
  62  4:36  Drone  
  65  4:39  Roach  
  65  4:41  Drone  
  65  4:42  Drone x2  
  70  4:47  Overlord  
  70  4:51  Drone x4  
  70  4:52  Drone  
  75  4:54  Drone x2  
  75  4:56  Drone  
  78  5:01  Overlord  
  77  5:07  Overlord  
  77  5:09  Drone x4  
  77  5:12  Extractor  
  77  5:13  Extractor  
  79  5:14  Extractor  
  79  5:16  Drone  
  79  5:22  Drone  
  79  5:23  Drone x2  
  79  5:26  Drone, Glial Reconstitution, Spire  
  79  5:28  Drone x4  
  84  5:35  Hatchery  
  85  5:36  Overseer  
  91  5:42  Roach  
  91  5:43  Roach x2  
  91  5:45  Overlord  
  91  5:47  Roach  
  92  5:50  Overlord  
  92  5:54  Roach x3  
  98  6:03  Overlord  
  98  6:04  Roach x5  
  108  6:13  Overlord  
  106  6:21  Drone x2  
  106  6:22  Drone x3  
  111  6:37  Mutalisk x6, Extractor  
  111  6:39  Roach x4  
  130  6:45  Overlord  
  130  6:48  Roach  
  130  6:49  Roach x3  
  130  6:52  Roach x3  
  144  6:56  Overlord  
  144  7:00  Overlord  
  142  7:05  Overlord  
  142  7:06  Roach x5  
  152  7:10  Overlord  
  152  7:18  Overlord  
  152  7:20  Overlord  
  152  7:22  Roach x7  
  168  7:30  Roach x6  
  168  7:33  Roach x3  
  184  7:37  Ravager x3  
  184  7:41  Ravager  
  188  7:44  Roach x4  
  196  7:56  Roach x2  
  171  8:35  Roach x10  
  171  8:43  Roach x2  
  171  8:47  Roach  
Tags
 
Add a new tag
Caveats
  • Supply blocks, unpowered buildings, or Contaminate may cause inaccurate times.
  • Supply counts are checked every 10 seconds.